Unix NetHack Version 5.0.0-0 post-release - last build Jul 19 2026 19:10:59 (3aa4ab31751d3886436d94b585a96704892fd477,branch:main).

Game began 2026-07-24 21:48:30, ended 2026-07-25 07:41:37.

LDaviesPeters, neutral female human Archeologist

        ---|-
        |...+#
        |..[|#                -------
        |...|##               -r....|
        |...| ##             #|......
        |...|  #            ##......|
        -+---  #            ##|.....|
               ###############-.-----
               ##---------##   ### #
                #|.......|       #######
                #|.......|             #######
                #|........                   #
                #........|        -----------|----
                 |..<.....        |..>...........|
                 ---------  #@##%#...........*....
                                  |......).......|
                                  ----------------

LDaviesPeters the Investigator  St:15 Dx:9 Co:14 In:18 Wi:13 Ch:11  Neutral
Dlvl:7  $:7  HP:0(44) Pw:24(24) AC:7  Xp:6 T:4937 

Latest messages:
 This door is locked.
 This door is locked.
 The door opens.
 In what direction? 4
 The door closes.
 You hear the footsteps of a guard on patrol.
 You see here 10 darts.
 You see here 10 darts.
 n - 10 darts.
 You see here 7 gold pieces.
 $ - 7 gold pieces.
 You find a hidden passage.
 The door opens.
 You see here a magenta potion.
 r - a magenta potion.
 You see here a worthless piece of red glass.
 You see here a curved sword.
 What do you want to zap? [ovI or ?*] ?
 What do you want to zap? [ovI or ?*] <space>
 Never mind.
 You catch the dart! s - a dart.
 The gnome hits!
 You kill the gnome!
 What do you want to zap? [ovI or ?*] v
 In what direction? 6
 The bolt of fire hits the fire ant.
 The fire ant bites!
 The fire ant misses!
 You lash the fire ant!
 The fire ant bites!
 The fire ant bites again!
 You're on fire!
 The fire ant bites!
 The fire ant bites again!
 You're on fire!
 Your magenta potion boils and explodes!
 Call a magenta potion: ...boils
 You lash the fire ant!
 The fire ant bites!
 The fire ant bites again!
 You're on fire!
 The fire ant bites!
 The fire ant bites again!
 You're on fire!
 What do you want to zap? [ovI or ?*] ?
 In what direction? 6
 The fire ant vanishes!
 It bites!
 You die...
 Do you want your possessions identified? [ynq] (y) q

Inventory:
 Coins    ('$')
  $ - 7 gold pieces
 Amulets  ('"')
  m - a cursed amulet of restful sleep
 Weapons  (')')
  n - 10 +0 darts
  l - 4 cursed +0 darts named Cursed (at the ready)
  s - a cursed -1 dart
  q - a blessed rustproof +0 dagger
  K - a blessed +1 dagger
  W - a +0 orcish dagger
  a - a +2 bullwhip (weapon in right hand)
 Armor    ('[')
  c - an uncursed +0 fedora (being worn)
  R - an uncursed +0 helm of brilliance
  F - an uncursed +0 pair of iron shoes (being worn)
  h - an uncursed +0 leather jacket (being worn)
 Rings    ('=')
  H - an uncursed ring of teleport control (on left hand)
 Wands    ('/')
  v - a cursed wand of fire (0:0)
  o - a wand of light (0:10)
  I - a wand of make invisible (0:6)
 Tools    ('(')
  b - an uncursed sack containing 18 items
  i - a magic marker (0:22)
  G - an uncursed magic whistle
  p - a +0 pick-axe
  f - a tinning kit (0:77)
 Gems/Stones  ('*')
  U - an uncursed amethyst stone
  O - an uncursed aquamarine stone
  j - 2 uncursed garnet stones
  T - an uncursed jasper stone
  Y - an uncursed topaz stone
  g - an uncursed touchstone

Contents of the sack:
  167 gold pieces
  a blessed scroll of create monster
  an uncursed scroll of create monster
  a blessed scroll of earth
  a cursed scroll of enchant armor
  an uncursed scroll of magic mapping
  a blessed scroll of stinking cloud
  an uncursed potion of invisibility
  an uncursed potion of gain level
  an uncursed potion of see invisible
  a blessed potion of sickness
  a blessed potion of levitation
  a cursed potion of polymorph
  an uncursed potion of healing
  an uncursed potion of sleeping
  an uncursed potion of confusion
  2 uncursed potions of extra healing
  an uncursed potion of object detection

LDaviesPeters the Archeologist's attributes:

Background:
 You were an Investigator, a level 6 female human Archeologist.
 You were neutral, on a mission for Camaxtli
 who was opposed by Quetzalcoatl (lawful) and Huhetotl (chaotic).
 You were right-handed.
 You were in the Dungeons of Doom, on level 7.
 You entered the dungeon 4937 turns ago.
 You had 594 experience points, 46 more were needed to attain level 7.

Basics:
 You had 0 out of 44 hit points.
 You had all 24 energy points (spell power).
 Your armor class was 7.
 Your wallet contained 7 zorkmids, and
 you had 167 more stashed away in your pack.
 Autopickup was off.

Final Characteristics:
 Your strength was 15 (limit:18/100).
 Your dexterity was 9 (limit:18).
 Your constitution was 14 (limit:18).
 Your intelligence was 18 (limit:18).
 Your wisdom was 13 (limit:18).
 Your charisma was 11 (limit:18).

Final Status:
 You weren't hungry.
 You were unencumbered.
 You were wielding a whip.
 You had expert skill with whip.

Final Attributes:
 You were piously aligned.
 You had automatic searching.
 You were stealthy.
 You had teleport control.
 You were lucky.
 You are dead.

Miscellaneous:
 You didn't encounter any bones levels.
 Total elapsed playing time was 57 minutes and 13 seconds.

Major events:
 Turn
    1: LDaviesPeters the neutral female human Archeologist entered the dungeon
  594: entered the Gnomish Mines
 1273: attained the rank of Field Worker (level 3)
 3223: attained the rank of Investigator (level 6)
 4937: killed by an invisible fire ant

You didn't know any spells.

Skills:
 Fighting Skills
   bare handed combat [Unskilled]
   two weapon combat  [Unskilled]
   riding             [Unskilled]
 Weapon Skills
   dagger             [Unskilled]
   knife              [Unskilled]
   pick-axe           [Basic]
   short sword        [Unskilled]
   saber              [Unskilled]
   club               [Unskilled]
   quarterstaff       [Unskilled]
   sling              [Unskilled]
   dart               [Unskilled]
   boomerang          [Unskilled]
   whip               [Expert]
   unicorn horn       [Unskilled]
 Spellcasting Skills
   attack spells      [Unskilled]
   healing spells     [Unskilled]
   divination spells  [Unskilled]
   matter spells      [Unskilled]

Voluntary challenges:
 Character rerolling was not enabled.
 You never genocided any monsters.
 You never polymorphed an object.
 You never changed form.
 You used no wishes.
Achievements:
 You entered the Gnomish Mines.
 You entered a shop.
 You attained the rank of Field Worker.
 You attained the rank of Investigator.

 The Dungeons of Doom: levels 1 to 7
    Level 1:
    Level 2:
       A fountain.
       Stairs down to The Gnomish Mines.
    Level 3:
       A general store, some fountains.
    Level 4:
    Level 5:
       Some fountains, many trees.
    Level 6:
    Level 7: <- You were here.
       Final resting place for
          you, killed by an invisible fire ant.
 The Gnomish Mines: levels 3 to 4
    Level 3:
    Level 4:


Vanquished creatures:
 an imp
  2 rock piercers
  a rock mole
  3 fog clouds
  4 gnome leaders
  a black naga hatchling
 an elf zombie
  2 giant ants
  6 dwarves
  a kobold leader
  a hill orc
  2 rothes
  2 giant bats
  a monkey
  2 orc zombies
  a wererat
  a werejackal
 an iguana
 an acid blob
  a gas spore
  2 hobbits
  a large kobold
  a hobgoblin
  3 giant rats
  2 cave spiders
  a brown mold
  4 yellow molds
 17 gnomes
  a gnome zombie
  3 geckos
  a jackal
  a fox
  2 goblins
  3 grid bugs
  4 bats
  6 lichens
  2 kobold zombies
  2 newts
91 creatures vanquished.

No species were genocided or became extinct.

Game over:
                       ----------
                      /          \
                     /    REST    \
                    /      IN      \
                   /     PEACE      \
                  /                  \
                  |  LDaviesPeters   |
                  |      174 Au      |
                  |   killed by an   |
                  |  invisible fire  |
                  |       ant        |
                  |                  |
                  |       2026       |
                 *|     *  *  *      | *
        _________)/\\_//(\/(/\)/\//\/|_)_______

Goodbye LDaviesPeters the Archeologist...

You died in The Dungeons of Doom on dungeon level 7 with 2853 points,
and 174 pieces of gold, after 4937 moves.
You were level 6 with a maximum of 44 hit points when you died.

